 Dungeon Crawl Stone Soup version 0.31.0-11-ge490571c62 (webtiles) character file.

Game seed: 3089261438862879816

30 Gadfly the Trooper (level 3, 26/29 HPs)
             Began as a Demonspawn Monk on Feb 5, 2024.
             Quit the game on level 1 of the Dungeon.
             The game lasted 00:01:27 (494 turns).

Gadfly the Trooper (Demonspawn Monk)                 Turns: 494, Time: 00:01:27

Health: 26/29      AC:  2    Str: 13    XL:     3   Next: 5%
Magic:  3/3        EV: 13    Int: 10    God:
Gold:   26         SH:  4    Dex: 17    Spells: 2/2 levels left

rFire   . . .        b - +1 dagger (freeze)
rCold   . . .        c - orb {light}
rNeg    . . .        a - +0 robe
rPois   .            (no helmet)
rElec   .            (no cloak)
rCorr   .            (no gloves)
SInv    .            (no boots)
Will    .....        (no amulet)
Stlth   +            (no ring)
HPRegen 0.24/turn    (no ring)
MPRegen 0.08/turn

%: no passive effects
@: glowing
A: thin skeletal structure 1, condensation shield
a: no special abilities


You were on level 1 of the Dungeon.
You visited 1 branch of the dungeon, and saw 1 of its levels.

You collected 26 gold pieces.

Inventory:

Hand Weapons
 b - a +1 dagger of freezing (weapon)
Armour
 a - a +0 robe (worn)
 c - an orb of light (worn)
Talismans
 i - a beast talisman
Scrolls
 d - a scroll of teleportation
 g - a scroll of poison {unknown}
 h - a scroll of identify
Potions
 e - a potion of ambrosia
 j - a potion of curing


   Skills:
 - Level 3.0 Fighting
 + Level 2.9 Dodging
 * Level 3.0 Unarmed Combat
 * Level 1.2 Evocations
 * Level 1.0 Shapeshifting


You had 2 spell levels left.
You didn't know any spells.
Your spell library was empty.

Dungeon Overview and Level Annotations

Branches:
Dungeon (1/15)

Altars:


Innate Abilities, Weirdness & Mutations

You have a somewhat thin skeletal structure. (Dex +2, Stealth+)
A meltable shield of frost defends you. (SH +4)


Message History

You see here a +0 chain mail.
A goblin comes into view. It is wielding a +0 club.
The goblin shouts!
You hear a shout!
A goblin is nearby!
A goblin is nearby!
A goblin is nearby!
The goblin hits you with a +0 club.
You hit the goblin. You freeze the goblin.
You kill the goblin!
The hobgoblin barely misses you.
You hit the hobgoblin but do no damage. The hobgoblin hits you.
You barely miss the hobgoblin. The hobgoblin barely misses you.
You hit the hobgoblin. You freeze the hobgoblin.
The hobgoblin is severely wounded.
The hobgoblin misses you.
The hobgoblin shouts!
You hit the hobgoblin. You freeze the hobgoblin.
You kill the hobgoblin!
You have reached level 3!
Your experience leads to an increase in your attributes!
Increase (S)trength, (I)ntelligence, or (D)exterity?
You feel stronger. x2; Your demonic ancestry asserts itself...
Your bones become slightly less dense.
You see here a hobgoblin corpse.
The hobgoblin closely misses you.
You hit the hobgoblin. You freeze the hobgoblin.
The hobgoblin is severely wounded.
The hobgoblin closely misses you.
You hit the hobgoblin but do no damage.
The hobgoblin is severely wounded.
The hobgoblin hits you.
You hit the hobgoblin. You freeze the hobgoblin.
You kill the hobgoblin!
No target in view!
No target in view!
No target in view!
No target in view!
No target in view!
No target in view!
Are you sure you want to abandon this character and quit the game? (Confirm with "yes".)

#.##..# ###..........
#####.###.........g.J .#
#..####......g... .#
##..#...†.(..#
.########....###.##
....## #..#.# .##
#..#.## #..#.# ##..#####
##....####.#.# #........
.###.#..##.#.###@.......
..#..##.<#.#..##†.......
#.#..#..##..............
..##.....#.......)......
..########..#...........
........................
.............###########
.............#
.............#


There were no monsters in sight!

Vanquished Creatures
  A ball python (D:1)
  3 bats (D:1)
  6 endoplasms (D:1)
  4 giant cockroaches (D:1)
  3 hobgoblins (D:1)
  2 frilled lizards (D:1)
  2 goblins (D:1)
  4 kobolds (D:1)
25 creatures vanquished.

Notes
Turn   | Place    | Note
-------+----------+-------------------------------------------
     0 | D:1      | Gadfly the Demonspawn Monk began the quest for the Orb.
     0 | D:1      | Reached XP level 1. HP: 18/18 MP: 1/1
   124 | D:1      | Gained mutation: A meltable shield of frost defends you.
                  | (SH +4) [demonic ancestry]
   124 | D:1      | Reached XP level 2. HP: 22/24 MP: 2/2
   197 | D:1      | Reached skill level 1 in Evocations
   420 | D:1      | Reached skill level 1 in Shapeshifting
   489 | D:1      | Gained mutation: You have a somewhat thin skeletal
                  | structure. (Dex +2, Stealth+) [demonic ancestry]
   489 | D:1      | Reached XP level 3. HP: 26/29 MP: 3/3
   494 | D:1      | Quit the game

Illustrated notes

Levels and vault maps discovered:
D:1:      lemuel_arrival_tunnels, layout_rooms

Skill      XL: |  1  2 |
---------------+-------+-----
Evocations     | 1 |  1.2
Unarmed Combat | 3 |  3.0
Shapeshifting  | 1 |  1.0
Fighting       | |  3.0
Dodging        | |  2.9

Action                     || total
---------------------------++-------
  Melee: Unarmed           ||    35
         Dagger            ||    29
    Use: Scroll            ||     3
 Armour: Robe              ||    21
  Dodge: Dodged            ||    46
